 Dungeon Crawl Stone Soup version 0.31.0-32-g396128a36d (webtiles) character file.

Game seed: 11671922418953914869

556 Silvore the Cudgeller (level 7, -1/60 HPs)
             Began as a Minotaur Fighter on Mar 30, 2024.
             Slain by a kobold
             ... wielding a +0 club
              (2 damage)
             ... on level 4 of the Dungeon.
             The game lasted 00:04:45 (3003 turns).

Silvore the Cudgeller (Minotaur Fighter)            Turns: 3003, Time: 00:04:45

Health: -1/60      AC:  8    Str: 27    XL:     7   Next: 8%
Magic:  6/6        EV: 10    Int:  5    God:
Gold:   148        SH:  4    Dex:  9    Spells: 6/6 levels left

rFire   . . .        a - +1 flail
rCold   . . .        c - +0 buckler
rNeg    . . .        b - +0 scale mail
rPois   .            (helmet restricted)
rElec   .            (no cloak)
rCorr   .            d - +0 pair of gloves of Umotihep {^Drain Str+4}
SInv    .            (no boots)
Will    .....        (no amulet) Stlth
                     (no ring)
HPRegen 0.30/turn    (no ring)
MPRegen 0.10/turn

%: no passive effects
@: no status effects
A: horns 2, retaliatory headbutt
a: no special abilities


You were on level 4 of the Dungeon.
You visited 1 branch of the dungeon, and saw 4 of its levels.

You collected 148 gold pieces.

Inventory:

Hand Weapons
 a - a +1 flail (weapon)
Missiles
 f - 3 throwing nets (quivered)
Armour
 b - a +0 scale mail (worn)
 c - a +0 buckler (worn)
 d - the +0 pair of gloves of Umotihep (worn) {^Drain Str+4}
   (You acquired it on level 2 of the Dungeon)

   Str+4:     It affects your strength (+4).
   ^Drain:    It drains your maximum health when unequipped.
Jewellery
 m - an amulet of faith
Scrolls
 g - a scroll of silence
 n - a scroll of vulnerability
Potions
 e - a potion of curing
 h - a potion of degeneration
 j - 2 potions of haste
 k - 2 potions of mutation
 o - a potion of cancellation {unknown}
 p - a potion of ambrosia {unknown}


   Skills:
 + Level 4.9 Fighting
 + Level 6.0 Maces & Flails
 + Level 6.0 Armour
 + Level 1.9 Dodging
 + Level 0.2 Stealth
 + Level 4.7 Shields


You had 6 spell levels left.
You didn't know any spells.
Your spell library was empty.

Dungeon Overview and Level Annotations

Branches:
Dungeon (4/15)
 Temple: D:4-7

Altars:


Innate Abilities, Weirdness & Mutations

You have a pair of horns on your head.
You reflexively headbutt those who attack you in melee.


Message History

Found a book of Geomancy.
The ice beast hits you but does no damage.
Items here: ! ) [ †.
The ice beast hits you but does no damage.
You sock the orc!
You kill the orc!
The ice beast closely misses you.
The ice beast hits you but does no damage.
Items here: ! )) [[ †.
You block the ice beast's attack.
Things that are here:
a +0 whip; a +0 leather armour; an orc corpse You barely miss the ice beast.
You headbutt the ice beast, but do no damage.
The ice beast hits you. The ice beast freezes you!
You hit the ice beast. Your headbutt misses the ice beast.
The ice beast is lightly wounded.
A kobold comes into view. It is wielding a +0 club.
The ice beast hits you but does no damage.
The kobold shouts!
You hit the ice beast. Your headbutt misses the ice beast.
The ice beast is moderately wounded.
The ice beast hits you. The ice beast freezes you!
You sock the ice beast!
The ice beast is severely wounded.
The ice beast hits you. The ice beast freezes you.
* * * LOW HITPOINT WARNING * * *
You closely miss the ice beast. You headbutt the ice beast!
The ice beast is almost dead.
The ice beast hits you.
* * * LOW HITPOINT WARNING * * *
The ice beast freezes you!
* * * LOW HITPOINT WARNING * * *
You hit the ice beast but do no damage.
The ice beast is almost dead.
The ice beast barely misses you.
You sock the ice beast!
You kill the ice beast!
The kobold hits you with a +0 club.
You die...

#####.## #...#
#...# ##
#...####..
#####...#....#
.##............#
.................
##............##
#####@).#....#
#..K)...##...
#.......# ###
#.......#
#.......#
#.......#
.........#
###.......#
...###..:


You could see a kobold.

Vanquished Creatures
  Sigmund (D:2)
  An ice beast (D:4)
  A hound (D:4)
  2 orc priests (D:3)
  Jessica (D:3)
  An orc wizard (D:4)
  Natasha (twice) (D:3)
  Terence (D:2)
  Robin (D:3)
  4 gnolls
  4 adders
  2 dart slugs
  10 orcs
  8 endoplasms
  A giant cockroach (D:1)
  9 goblins
  12 hobgoblins
  6 jackals (D:1)
  2 quokkas
  2 ball pythons (D:2)
  2 bats
  7 frilled lizards
  9 kobolds
  6 rats
95 creatures vanquished.

Notes
Turn   | Place    | Note
-------+----------+-------------------------------------------
     0 | D:1      | Silvore the Minotaur Fighter began the quest for the Orb.
     0 | D:1      | Reached XP level 1. HP: 19/19 MP: 0/0
    88 | D:1      | Reached XP level 2. HP: 27/27 MP: 1/1
   498 | D:1      | You fall into a shaft and drop 1 floor!
   557 | D:2      | Reached XP level 3. HP: 31/33 MP: 2/2
  1268 | D:2      | Noticed Terence
  1279 | D:2      | Killed Terence
  1280 | D:2      | Reached XP level 4. HP: 22/40 MP: 3/3
  1656 | D:2      | Noticed Sigmund
  1668 | D:2      | Killed Sigmund
  1669 | D:2      | Reached skill level 5 in Armour
  1669 | D:2      | Reached XP level 5. HP: 7/47 MP: 4/4
  1902 | D:2      | Identified a scroll of acquirement
  1902 | D:2      | Acquired the +0 pair of gloves of Umotihep {^Drain Str+4}
  1934 | D:2      | Reached skill level 1 in Dodging
  1934 | D:2      | Reached XP level 6. HP: 47/53 MP: 5/5
  1936 | D:2      | Reached skill level 5 in Maces & Flails
  2118 | D:3      | Noticed Natasha
  2121 | D:3      | Killed Natasha
  2151 | D:3      | Noticed Natasha
  2158 | D:3      | Killed Natasha
  2339 | D:3      | Noticed Robin
  2365 | D:3      | Killed Robin
  2436 | D:3      | Noticed Jessica
  2444 | D:3      | Killed Jessica
  2592 | D:3      | Found a faded altar of an unknown god.
  2963 | D:4      | Reached XP level 7. HP: 56/60 MP: 6/6
  3001 | D:4      | HP: 1/60 [ice beast (14)]
  3003 | D:4      | Slain by a kobold

Illustrated notes

Levels and vault maps discovered:
D:1:      amcnicky_arrival_double_pillar, layout_basic,
          dreamdust_princess_corridor
D:2:      layout_loops_cross, chequers_serial_rivers_room_a,
          hangedman_decor_points, uniq_sigmund, uniq_terence
D:3:      layout_rooms, shapermc_ecumenical_altar_hornbeckon, eino_tiny_chamber,
          kennysheep_generic_room_3, uniq_robin, uniq_natasha, uniq_jessica
D:4:      layout_loops_cross

Skill      XL: |  1  2  3  4  5  6  7 |
---------------+----------------------+-----
Fighting       | 4 |  4.9
Armour         | 4 5 6 |  6.0
Shields        | 4 |  4.7
Maces & Flails | 3 4 5 6 |  6.0
Dodging        | 1 |  1.9
Stealth        | |  0.2

Action                     |  1- 3 |  4- 6 |  7- 9 || total
---------------------------+-------+-------+-------++-------
  Melee: Flail             |    76 |   121 |    15 ||   212
         Headbutt          |    12 |    11 |     4 ||    27
    Use: Scroll            |     2 |     9 |       ||    11
         Potion            |       |     1 |       ||     1
 Armour: Scale mail        |    50 |    74 |    21 ||   145
  Dodge: Dodged            |    33 |    46 |    12 ||    91
  Block: Buckler           |    17 |    30 |     3 ||    50
